 Dungeon Crawl Stone Soup version 0.32-a0-20-ge526923d97 (webtiles) character file.

Game seed: 2142094636195329222

248 Idontno the Ruffian (level 5, -20/53 HPs)
             Began as a Troll Berserker on Jan 17, 2024.
             Was a Believer of Trog.
             Demolished by an ogre
             ... wielding a +0 giant spiked club
              (28 damage)
             ... on level 5 of the Dungeon.
             The game lasted 00:28:52 (1019 turns).

Idontno the Ruffian (Troll Berserker)               Turns: 1019, Time: 00:28:53

Health: -20/53     AC:  4    Str: 25    XL:     5   Next: 86%
Magic:  4/4        EV: 10    Int:  3    God:    Trog [**....]
Gold:   65         SH:  0    Dex: 11    Spells: 4/4 levels left

rFire   . .          .
                       - Unarmed
rCold   . . .        (no shield)
rNeg    . . .        a - +0 animal skin
rPois   .            (helmet restricted)
rElec   .            (no cloak)
rCorr   .            (gloves unavailable)
SInv    .            (boots unavailable)
Will    .....        h - amulet of magic regeneration
Stlth   +            (no ring)
HPRegen 1.08/turn    (no ring)
MPRegen 0.49/turn

%: no passive effects
@: on berserk cooldown, slowed, very slow
A: large, unfitting armour, claws 3, regeneration 1, shaggy fur 1, tough skin 1
a: Renounce Religion, Berserk, Trog's Hand


You were on level 5 of the Dungeon.
You worshipped Trog.
Trog was pleased with you.
You visited 1 branch of the dungeon, and saw 5 of its levels.

You collected 65 gold pieces.

Inventory:

Hand Weapons
 e - a +0 whip
 j - a +0 orcbow
 k - a +0 club
 n - a +0 dagger of venom
 o - a +0 spear
 p - a +0 club
 r - a +0 short sword
 v - a +0 short sword
 A - a +0 dagger
 B - a +0 dagger
 D - a +0 hand axe
Missiles
 q - 10 poisoned darts (quivered)
 y - 8 stones
Armour
 a - a +0 animal skin (worn)
 b - a +0 robe
 i - a +0 leather armour
 w - a +0 ring mail
 z - a +0 helmet
Jewellery
 h - an amulet of magic regeneration (around neck)
Talismans
 c - a flux talisman
Scrolls
 d - a scroll of revelation {unknown}
 g - a scroll of blinking {unknown}
 m - a scroll of teleportation {unknown}
Potions
 f - 4 potions of might {unknown}
 l - a potion of mutation {unknown}
 s - a potion of attraction {unknown}
 t - a potion of haste {unknown}
 u - a potion of degeneration {unknown}
 x - a potion of enlightenment {unknown}
 C - a potion of curing {unknown}


   Skills:
 + Level 3.4 Fighting
 + Level 0.2 Throwing
 + Level 3.3 Dodging
 + Level 0.1 Stealth
 + Level 5.1 Unarmed Combat


You had 4 spell levels left.
You didn't know any spells.
Your spell library contained the following spells:

 Spells                   Type           Power      Damage    Failure   Level
 Ozocubu's Armour         Ice            0%         N/A       88%         3
 Metabolic Englaciation   Hex/Ice        0%         N/A       100%        5
 Sculpt Simulacrum        Ice/Alch       0%         N/A       100%        6


Dungeon Overview and Level Annotations

Branches:
Dungeon (5/15)
 Temple: D:4-7

Altars:


Innate Abilities, Weirdness & Mutations

You are too large for most types of armour.
You have claws for hands.
Your natural rate of healing is unusually fast.
You are covered in fur. (AC +1)
You have tough skin. (AC +1)


Message History

You kill the jackal!
Trog accepts your kill.
You feel a strong urge to attack something.
You feel your anger nearly subside.
You are no longer berserk.
You are exhausted.
You feel yourself slow down.
You see here a +0 scale mail.
You see here a +0 pair of boots.
An ogre comes into view. It is wielding a +0 giant spiked club.
The ogre shouts!
You hear a shout!
An orc comes into view. It is wielding a +0 flail.
An adder comes into view.
An orc priest and an orc come into view.
The adder hisses angrily.
The orc priest shouts!
You hear a shout!
The orc priest looks satisfied for a moment.
An orc comes into view. It is wielding a +0 club.
The orc priest mumbles some strange prayers to Beogh against you.
Beogh smites you!
An orc comes into view. It is wielding a +0 hand axe.
The orc moves out of view.
You claw the ogre!
The ogre is heavily wounded.
The adder barely misses you. The ogre barely misses you.
The adder bites you but does no damage.
You scratch the ogre.
The ogre is heavily wounded.
The orc closely misses you. The adder bites you but does no damage.
The ogre hits you with a +0 giant spiked club!!
You scratch the ogre. You claw the ogre, but do no damage.
The ogre is heavily wounded.
The adder closely misses you. The orc hits you with a +0 flail.
The orc priest invokes the aid of Beogh against you.
Beogh smites you!
* * * LOW HITPOINT WARNING * * *
The adder bites you.
* * * LOW HITPOINT WARNING * * *
The orc closely misses you.
The ogre hits you with a +0 giant spiked club!!
Ouch! That really hurt!
You die...

.# ####...... ... ...
........
........#####.......
.........#.......#
.................#
......##.........#
.........#...[...#
........##..[.†.†#
.......S@.....†..#
.......oO....#<..#
.#..#..o....##.........
#.....#######...######
####.. ###.#


#oo .# ... .# ..o. .# ..... .# You could see an ogre, an orc priest, an adder
and 4 orcs.

Vanquished Creatures
  Menkaure (D:4)
  A scorpion (D:4)
  4 adders
  A dart slug (D:4)
  An orc (D:4)
  2 bats
  An endoplasm (D:4)
  2 giant cockroaches (D:3)
  3 goblins (D:3)
  2 hobgoblins
  4 jackals (D:5)
  3 ball pythons
  A frilled lizard (D:3)
  4 kobolds
  A rat (D:2)
31 creatures vanquished.

Notes
Turn   | Place    | Note
-------+----------+-------------------------------------------
     0 | D:1      | Idontno the Troll Berserker began the quest for the Orb.
     0 | D:1      | Reached XP level 1. HP: 22/22 MP: 0/0
   380 | D:2      | Reached XP level 2. HP: 29/29 MP: 1/1
   627 | D:3      | Reached XP level 3. HP: 36/36 MP: 2/2
   739 | D:4      | Noticed a scorpion
   748 | D:4      | Killed a scorpion
   749 | D:4      | Reached skill level 4 in Unarmed Combat
   749 | D:4      | Reached XP level 4. HP: 23/45 MP: 3/3
   843 | D:4      | Reached ** piety under Trog
   937 | D:4      | Noticed Menkaure
   944 | D:4      | Killed Menkaure
   945 | D:4      | Reached skill level 5 in Unarmed Combat
   945 | D:4      | Reached XP level 5. HP: 45/53 MP: 4/4
   985 | D:5      | Entered Level 5 of the Dungeon
  1013 | D:5      | Noticed an ogre
  1019 | D:5      | Demolished by an ogre

Illustrated notes

Levels and vault maps discovered:
D:1:      giann_wishing_wells, layout_rooms, minmay_misc_feat_nine_boxes
D:2:      layout_basic, hangedman_abyss_or_decor_lesser_grid
D:3:      layout_rooms, minmay_pentangle
D:4:      layout_loops_corners, gammafunk_temple_overflow_claw, minivault_26,
          uniq_menkaure
D:5:      layout_cave_pools, lemuel_doored_altar,
          minmay_temple_entry_glassed_door, serial_co_window_serial,
          co_window_paths_b, co_window_corner_a, co_window_paths_a,
          co_window_of_opportunity_a, co_window_of_opportunity_a,
          co_window_of_opportunity_a, co_window_unsneaky_path_b,
          co_window_corner_b, co_window_broadway_a, uniq_prince_ribbit1

Skill      XL: |  1  2  3  4 |
---------------+-------------+-----
Fighting       | 3 |  3.4
Dodging        | 3 |  3.3
Unarmed Combat | 4 5 |  5.1
Throwing       | |  0.2
Stealth        | |  0.1

Action                     |  1- 3 |  4- 6 || total
---------------------------+-------+-------++-------
  Melee: Unarmed           |    45 |    32 ||    77
         Punch             |     1 |     3 ||     4
  Throw: Dart              |     1 |     3 ||     4
 Invoke: Berserk           |       |     1 ||     1
 Armour: Animal skin       |    18 |    19 ||    37
  Dodge: Dodged            |    16 |    19 ||    35

Table legend: (Time is in decaauts)
 A = Elapsed time spent in this place.
 B = Non-inter-level travel time spent in this place.
 C = Inter-level travel time spent in this place.
 D = Time resting spent in this place.
 E = Time spent auto-exploring this place.
 F = Levels seen in this place.
 G = Mean time per level.
                   A        B        C        D        E       F      G
               +--------+--------+--------+--------+--------+-----+--------+
         Total |   1015 |   1015 |      0 |      0 |     24 |   5 |  203.0 |
       Dungeon |   1015 |   1015 |      0 |      0 |     24 |   5 |  203.0 |
               +--------+--------+--------+--------+--------+-----+--------+

Top non-repeatable levels by time:
     D:3: 313 daAuts
     D:4: 232 daAuts
     D:1: 226 daAuts
     D:2: 208 daAuts
     D:5: 35 daAuts
